Description

Proxy Zealot Fast Expand

Build Order

Get SALT Encoding   

  14  0:20  Pylon  
  15  0:40  Pylon  Proxied Near Opponents Natural
  17  1:00  Gateway  At Proxy Pylon
  18  1:08  Assimilator  
  20  1:30  Nexus  
  20  1:40  Zealot  
  22  1:50  Cybernetics Core  
  23  2:10  Zealot, Assimilator  
  26  2:30  Stalker  
  28  2:50  Stargate  mass pheonix
  45  4:00  Nexus  
Spawning Tool Build Advisor. Get it on Overwolf

Go to:

Details

  • Created by: Sloth1500
  • Published on: May 14, 2019
  • Modified on: May 14, 2019
  • Patch: 4.7.1
Show
View Real Time Build Order
Export as new Build Order

Comments (0)

There are no comments. Be the first!

Create an account to comment!